Scraper vs Ice Dragons

Created - 20 novembre 2014 at 19:09

Goals
1 2 3 T
Scraper 1 2 2 5
Ice Dragons 0 2 2 4
Shots
1 2 3 T
Scraper 9 17 13 39
Ice Dragons 7 25 16 48

1st period

1. Scraper , Ben Eager 13 (Brendan Smith, Ryan O'Reilly) at 6:49

Penalties :
Alexander Urbom (Kin) for Hooking (Minor) at 14:48

2nd period

2. Scraper , Denis Shvidki 11 (Evander Kane, Brendan Smith) at 2:05
3. Ice Dragons , Jonathan Blum 3 (Frazer Mclaren, Tyler Eckford) at 6:12 (PP)
4. Scraper , Reilly Smith 2 (Ben Eager, Ryan O'Reilly) at 9:17
5. Ice Dragons , Tyler Eckford 1 (Tyler Haskins, Raymond Sawada) at 9:47 (PP)

Penalties :
Ben Eager (Out) for Hooking (Minor) at 5:57, Roman Horak (Out) for Holding (Minor) at 9:34, Reilly Smith (Out) for Cross-checking (Minor) at 13:06, Ryan Reaves (Kin) for Tripping (Minor) at 18:47

3rd period

6. Scraper , Valeri Bure 8 (Brendan Smith, Reilly Smith) at 0:39 (PP)
7. Ice Dragons , Frazer Mclaren 2 (Jonathan Blum, Tyler Eckford) at 3:07
8. Scraper , Derek Joslin 5 (Daniel Winnik, Reilly Smith) at 9:48 (PP)
9. Ice Dragons , Raymond Sawada 2 (Tyler Haskins, Frazer Mclaren) at 11:49

Penalties :
Brandon Kozun (Kin) for High sticking (Minor) at 9:43, Ben Eager (Out) for Slashing (Minor) at 12:05

Goalie Stats

Peter Mannino (Out), 44 saves from 48 shots - (0,917), W, 9-9-0, 60:00 minutes
Todd Ford (Kin), 34 saves from 39 shots - (0,872), L, 3-4-0, 59:46 minutes

Players Stats for Scraper

Player Name              G  A  P  +/- PIM S  H  SB GA TA FO     MP     PP MP  PK MP  
------------------------------------------------------------------------------------
Ben Eager                1  1  2   1  4   8  1  1  0  0  2/3    18:45   0:06   0:19 
Brayden Schenn           0  0  0   0  0   0  3  0  0  0  6/20   19:13   2:00   0:26 
Brendan Smith            0  3  3   2  0   0  2  1  0  1  0/0    28:55   2:21   1:27 
Cameron Gaunce           0  0  0   0  0   0  0  0  0  0  0/0     0:27   0:00   0:00 
Daniel Winnik            0  1  1   0  0   1  0  1  1  0  0/1     8:07   1:50   0:00 
Denis Shvidki            1  0  1   0  0   6  1  1  0  0  0/1    19:29   2:00   0:00 
Derek Joslin             1  0  1   0  0   2  2  0  1  1  0/0    22:26   2:21   2:32 
Eric Godard              0  0  0   0  0   1  1  0  0  0  0/0     8:06   0:01   0:56 
Eric Gryba               0  0  0   0  0   2  0  1  0  0  0/0    20:36   1:35   1:27 
Eric Knodel              0  0  0  -1  0   0  0  0  0  0  0/0    12:53   0:00   2:59 
Evander Kane             0  1  1   0  0   5  2  1  0  0  0/1    18:38   2:00   0:35 
Ilkka Heikkinen          0  0  0   2  0   2  0  0  0  0  0/0    27:52   1:35   2:59 
Jerome Samson            0  0  0   0  0   0  0  0  0  0  0/0     0:13   0:00   0:00 
Joe Finley               0  0  0  -1  0   0  1  0  0  0  0/0     9:25   0:00   0:00 
Marcus Foligno           0  0  0   0  0   1  1  2  0  0  0/1    11:07   0:00   0:00 
Reilly Smith             1  2  3   1  2   4  1  3  0  0  2/2    18:58   1:55   0:00 
Rick Schofield           0  0  0   0  0   0  0  0  0  0  3/5     3:38   0:00   2:26 
Riley Armstrong          0  0  0   0  0   0  0  0  0  0  1/1     0:15   0:00   0:00 
Roman Horak              0  0  0   0  2   1  0  1  0  0  2/9    15:37   0:01   0:49 
Ryan O'Reilly            0  2  2   1  0   2  0  1  0  0  9/21   17:03   0:00   0:00 
Valeri Bure              1  0  1   0  0   4  2  1  2  1  1/1    13:47   1:55   0:49 

Players Stats for Ice Dragons

Player Name              G  A  P  +/- PIM S  H  SB GA TA FO     MP     PP MP  PK MP  
------------------------------------------------------------------------------------
Alexander Urbom          0  0  0  -1  2   5  0  0  0  0  0/0    12:31   0:00   0:00 
Bradley Malone           0  0  0   0  0   0  1  1  0  0  3/4     7:41   0:00   0:00 
Brandon Kozun            0  0  0  -1  2   0  2  0  1  1  1/1    12:21   0:01   0:00 
Brayden McNabb           0  0  0   0  0   0  1  2  0  0  0/0    19:46   1:46   1:50 
Eric Mestery             0  0  0   0  0   2  1  0  0  0  0/0    19:46   1:46   1:50 
Frazer Mclaren           1  2  3   0  0   4  2  0  0  0  2/4    21:43   2:33   2:14 
Jim O'Brien              0  0  0   0  0   1  0  2  0  0  5/9    16:02   1:52   0:59 
Jonathan Blum            1  1  2   0  0   4  2  1  0  2  0/0    27:42   2:40   2:06 
Josh Brittain            0  0  0   0  0   3  2  0  0  0  0/0    10:25   0:00   0:35 
Kyle Bigos               0  0  0  -1  0   0  0  1  0  0  0/0    12:32   0:00   0:00 
Logan MacMillan          0  0  0  -1  0   1  1  0  0  0  0/0    12:23   0:01   0:00 
Marek Viedensky          0  0  0  -1  0   0  0  0  1  0  2/3    12:22   0:00   0:15 
Raymond Sawada           1  1  2   0  0   7  2  1  0  0  2/2    21:31   2:33   0:59 
Ryan Reaves              0  0  0   0  2   0  2  1  0  0  0/1    14:56   1:52   0:00 
Tony Lucia               0  0  0   0  0   5  0  1  1  0  0/1    15:36   1:52   0:34 
Tyler Eckford            1  2  3   0  0   6  0  2  0  1  0/0    27:42   2:40   2:06 
Tyler Haskins            0  2  2   0  0   8  2  0  0  0  25/40  22:48   2:33   2:16 
Zach Budish              0  0  0   0  0   2  2  0  0  0  0/1     8:14   0:01   0:00 

3 Stars

1 - Brendan Smith (Out)
2 - Frazer Mclaren (Kin)
3 - Reilly Smith (Out)

Power Play

Scraper - 2 on 3 Attempt(s) - 66,67%
Ice Dragons - 2 on 4 Attempt(s) - 50,00%

Penalty Kill

Scraper - 2 on 4 Attempt(s) - 50,00% - Score 0 goal in Penalty Kill
Ice Dragons - 1 on 3 Attempt(s) - 33,33% - Score 0 goal in Penalty Kill

Official

Referees : Joannette Marc and L'Ecuyer Frederick
Linesman : Tony Sericolo and Greg Devorski

Game Notes

No Game Note

Finance

Level 1 -- Attendance: 1349 (67,45%) -- Ticket Income 47 215 $
Level 2 -- Attendance: 728 (72,80%) -- Ticket Income 10 920 $
Total Attendance: 2077 (69,23%)
Total Ticket Income: 58 135 $
Other Income: 2 907 $
Total Income: 61 042 $

Scraper

5 vs 5 Forward 
   Center                   Left Wing                Right Wing               Time % Phy DF OF 
 1 Brayden Schenn           Evander Kane             Denis Shvidki            35     1   2  2  
 2 Ryan O'Reilly            Ben Eager                Reilly Smith             35     1   2  2  
 3 Roman Horak              Marcus Foligno           Valeri Bure              25     1   2  2  
 4 Roman Horak              Daniel Winnik            Eric Godard              5      1   2  2  

5 vs 5 Defense 
   Defense                  Defense                                           Time % Phy DF OF 
 1 Brendan Smith            Ilkka Heikkinen                                   40     1   2  2  
 2 Derek Joslin             Eric Gryba                                        35     1   2  2  
 3 Joe Finley               Eric Knodel                                       15     1   2  2  
 4 Brendan Smith            Ilkka Heikkinen                                   10     1   2  2  

PowerPlay Forward 
   Center                   Left Wing                Right Wing               Time % Phy DF OF 
 1 Brayden Schenn           Evander Kane             Denis Shvidki            60     1   2  2  
 2 Reilly Smith             Daniel Winnik            Valeri Bure              40     1   2  2  

PowerPlay Defense
   Defense                  Defense                                           Time % Phy DF OF 
 1 Derek Joslin             Brendan Smith                                     60     1   2  2  
 2 Eric Gryba               Ilkka Heikkinen                                   40     1   2  2  

Penalty Kill 4 Players Forward 
   Center                   Wing                     Time % Phy DF OF 
 1 Rick Schofield           Derek Joslin             60     1   2  2  
 2 Roman Horak              Valeri Bure              40     1   2  2  

Penalty Kill 4 Players Defense
   Defense                  Defense                  Time % Phy DF OF 
 1 Ilkka Heikkinen          Eric Knodel              60     1   2  2  
 2 Eric Gryba               Brendan Smith            40     1   2  2  

Penalty Kill - 3 Players Forward 
   Forward                                           Time % Phy DF OF 
 1 Roman Horak                                       60     1   2  2  
 2 Rick Schofield                                    40     1   2  2  

Penalty Kill - 3 Players Defense
   Defense                  Defense                  Time % Phy DF OF 
 1 Derek Joslin             Ilkka Heikkinen          60     1   2  2  
 2 Eric Gryba               Brendan Smith            40     1   2  2  

4 vs 4 Forward 
   Center                   Wing                     Time % Phy DF OF 
 1 Ryan O'Reilly            Denis Shvidki            60     1   2  2  
 2 Rick Schofield           Valeri Bure              40     1   2  2  

4 vs 4 Defense
   Defense                  Defense                  Time % Phy DF OF 
 1 Brendan Smith            Eric Gryba               60     1   2  2  
 2 Derek Joslin             Ilkka Heikkinen          40     1   2  2  

Last Minutes Offensive
   Center                   Left Wing                Right Wing               Defense                  Defense                  
   Brayden Schenn           Evander Kane             Denis Shvidki            Derek Joslin             Brendan Smith            

Last Minutes Defensive
   Center                   Left Wing                Right Wing               Defense                  Defense                  
   Rick Schofield           Ben Eager                Denis Shvidki            Derek Joslin             Brendan Smith            

Goaltenders
Starting : Peter Mannino            
Backup : Maxime Ouellet           

Extra Forwards
Normal : Evander Kane, Reilly Smith, Eric Godard - PP : Evander Kane, Reilly Smith - PK : Eric Godard
Extra Defensemen
Normal : Eric Gryba, Eric Knodel, Ilkka Heikkinen - PP : Eric Gryba - PK : Joe Finley, Ilkka Heikkinen
Penalty Shots
Denis Shvidki, Ryan O'Reilly, Evander Kane, Valeri Bure, Ben Eager

Ice Dragons

5 vs 5 Forward 
   Center                   Left Wing                Right Wing               Time % Phy DF OF 
 1 Tyler Haskins            Frazer Mclaren           Raymond Sawada           40     1   3  1  
 2 Jim O'Brien              Tony Lucia               Ryan Reaves              30     1   3  1  
 3 Marek Viedensky          Logan MacMillan          Brandon Kozun            20     2   3  0  
 4 Bradley Malone           Josh Brittain            Zach Budish              10     2   3  0  

5 vs 5 Defense 
   Defense                  Defense                                           Time % Phy DF OF 
 1 Tyler Eckford            Jonathan Blum                                     40     1   3  1  
 2 Brayden McNabb           Eric Mestery                                      30     1   3  1  
 3 Alexander Urbom          Kyle Bigos                                        20     2   3  0  
 4 Tyler Eckford            Jonathan Blum                                     10     1   3  1  

PowerPlay Forward 
   Center                   Left Wing                Right Wing               Time % Phy DF OF 
 1 Tyler Haskins            Frazer Mclaren           Raymond Sawada           60     1   2  2  
 2 Jim O'Brien              Tony Lucia               Ryan Reaves              40     1   2  2  

PowerPlay Defense
   Defense                  Defense                                           Time % Phy DF OF 
 1 Tyler Eckford            Jonathan Blum                                     60     2   1  2  
 2 Brayden McNabb           Eric Mestery                                      40     2   1  2  

Penalty Kill 4 Players Forward 
   Center                   Wing                     Time % Phy DF OF 
 1 Tyler Haskins            Frazer Mclaren           60     2   3  0  
 2 Raymond Sawada           Jim O'Brien              40     2   3  0  

Penalty Kill 4 Players Defense
   Defense                  Defense                  Time % Phy DF OF 
 1 Tyler Eckford            Jonathan Blum            60     2   3  0  
 2 Brayden McNabb           Eric Mestery             40     2   3  0  

Penalty Kill - 3 Players Forward 
   Forward                                           Time % Phy DF OF 
 1 Tyler Haskins                                     60     1   4  0  
 2 Frazer Mclaren                                    40     1   4  0  

Penalty Kill - 3 Players Defense
   Defense                  Defense                  Time % Phy DF OF 
 1 Tyler Eckford            Jonathan Blum            60     1   4  0  
 2 Brayden McNabb           Eric Mestery             40     1   4  0  

4 vs 4 Forward 
   Center                   Wing                     Time % Phy DF OF 
 1 Tyler Haskins            Frazer Mclaren           60     2   3  0  
 2 Raymond Sawada           Jim O'Brien              40     2   3  0  

4 vs 4 Defense
   Defense                  Defense                  Time % Phy DF OF 
 1 Tyler Eckford            Jonathan Blum            60     2   3  0  
 2 Brayden McNabb           Eric Mestery             40     2   3  0  

Last Minutes Offensive
   Center                   Left Wing                Right Wing               Defense                  Defense                  
   Tyler Haskins            Frazer Mclaren           Raymond Sawada           Tyler Eckford            Jonathan Blum            

Last Minutes Defensive
   Center                   Left Wing                Right Wing               Defense                  Defense                  
   Tyler Haskins            Frazer Mclaren           Raymond Sawada           Tyler Eckford            Jonathan Blum            

Goaltenders
Starting : Todd Ford                
Backup : Connor Knapp             

Extra Forwards
Normal : Logan MacMillan, Brandon Kozun, Josh Brittain - PP : Logan MacMillan, Brandon Kozun - PK : Josh Brittain
Extra Defensemen
Normal : Alexander Urbom, Kyle Bigos, Brayden McNabb - PP : Alexander Urbom - PK : Kyle Bigos, Brayden McNabb
Penalty Shots
Tyler Haskins, Frazer Mclaren, Raymond Sawada, Jim O'Brien, Tony Lucia

% Time on Ice - Scraper

Lines # - Real PCT - Wanted PCT - Time Play
Normal Forward
1 - 31% - 35% - 15:51
2 - 36% - 35% - 17:58
3 - 22% - 25% - 11:07
4 - 11% - 5% - 5:30
Normal Defense
1 - 40% - 40% - 20:18
2 - 36% - 35% - 18:17
3 - 17% - 15% - 8:25
4 - 7% - 10% - 3:26
PP Forward
1 - 51% - 60% - 2:01
2 - 49% - 40% - 1:55
PP Defense
1 - 60% - 60% - 2:21
2 - 40% - 40% - 1:35
PK Forward
1 - 82% - 60% - 3:37
2 - 18% - 40% - 0:49
PK Defense
1 - 67% - 60% - 2:59
2 - 33% - 40% - 1:27
PK3 Forward
1 - 0% - 60%
2 - 0% - 40%
PK3 Defense
1 - 0% - 60%
2 - 0% - 40%
44 Forward
1 - 0% - 60%
2 - 0% - 40%
44 Defense
1 - 0% - 60%
2 - 0% - 40%
Last Minute Offensive  - 0:00
Last Minute Defensive  - 1:12
Total
Forward - 60:00
Defense - 60:00

% Time on Ice - Ice Dragons

Lines # - Real PCT - Wanted PCT - Time Play
Normal Forward
1 - 34% - 40% - 17:05
2 - 29% - 30% - 14:44
3 - 22% - 20% - 10:55
4 - 15% - 10% - 7:41
Normal Defense
1 - 39% - 40% - 19:53
2 - 32% - 30% - 16:10
3 - 23% - 20% - 11:26
4 - 6% - 10% - 2:56
PP Forward
1 - 58% - 60% - 2:34
2 - 42% - 40% - 1:52
PP Defense
1 - 60% - 60% - 2:40
2 - 40% - 40% - 1:46
PK Forward
1 - 75% - 60% - 2:57
2 - 25% - 40% - 0:59
PK Defense
1 - 53% - 60% - 2:06
2 - 47% - 40% - 1:50
PK3 Forward
1 - 0% - 60%
2 - 0% - 40%
PK3 Defense
1 - 0% - 60%
2 - 0% - 40%
44 Forward
1 - 0% - 60%
2 - 0% - 40%
44 Defense
1 - 0% - 60%
2 - 0% - 40%
Last Minute Offensive  - 1:13
Last Minute Defensive  - 0:00
Total
Forward - 60:00
Defense - 60:00

Play by Play

1st period


0:01 of 1st period - Tyler Haskins wins face-off versus Brayden Schenn in neutral zone.
0:12 of 1st period - Wrist shot by Tyler Haskins.
0:12 of 1st period - Stopped by Peter Mannino with a rebound.
0:14 of 1st period - Slapshot by Jonathan Blum.
0:14 of 1st period - Stopped by Peter Mannino without a rebound.
0:15 of 1st period - Ben Eager wins face-off versus Jim O'Brien in Scraper zone.
0:21 of 1st period - Icing by Brayden McNabb.
0:22 of 1st period - Ryan O'Reilly wins face-off versus Ryan Reaves in Ice Dragons zone.
1:43 of 1st period - Off-side.
1:44 of 1st period - Jim O'Brien wins face-off versus Ryan O'Reilly in neutral zone.
1:47 of 1st period - Joe Finley is hit by Jonathan Blum and loses puck.
3:15 of 1st period - Snap shot by Daniel Winnik.
3:15 of 1st period - Shot Misses the Net.
3:17 of 1st period - Slapshot by Derek Joslin.
3:17 of 1st period - Shot Blocked by Kyle Bigos.
4:45 of 1st period - Wrist shot by Ben Eager.
4:45 of 1st period - Shot Hit the Post.
5:08 of 1st period - Slapshot by Valeri Bure.
5:08 of 1st period - Shot Misses the Net.
5:21 of 1st period - Icing by Joe Finley.
5:22 of 1st period - Marek Viedensky wins face-off versus Brayden Schenn in Scraper zone.
6:27 of 1st period - Tyler Eckford is hit by Denis Shvidki and loses puck.
6:34 of 1st period - Slapshot by Jonathan Blum.
6:34 of 1st period - Deflect By Ryan Reaves.
6:34 of 1st period - Shot Misses the Net.
6:34 of 1st period - Puck is out of play.
6:35 of 1st period - Tyler Haskins wins face-off versus Ryan O'Reilly in Scraper zone.
6:43 of 1st period - Off-side.
6:44 of 1st period - Ryan O'Reilly wins face-off versus Tyler Haskins in neutral zone.
6:49 of 1st period - Backhand shot by Ben Eager.
6:49 of 1st period - Goal by Ben Eager - Scraper : 1 - Ice Dragons : 0.
6:50 of 1st period - Tyler Haskins wins face-off versus Denis Shvidki in neutral zone.
7:15 of 1st period - Tyler Eckford is hit by Ben Eager and loses puck.
7:40 of 1st period - Snap shot by Valeri Bure.
7:40 of 1st period - Shot Blocked by Tony Lucia.
8:00 of 1st period - Snap shot by Evander Kane.
8:00 of 1st period - Shot Blocked by Bradley Malone.
8:02 of 1st period - Snap shot by Denis Shvidki.
8:02 of 1st period - Stopped by Todd Ford without a rebound.
8:03 of 1st period - Tyler Haskins wins face-off versus Ryan O'Reilly in Ice Dragons zone.
8:08 of 1st period - Slapshot by Ben Eager.
8:08 of 1st period - Stopped by Todd Ford with a rebound.
8:10 of 1st period - Wrist shot by Eric Gryba.
8:10 of 1st period - Stopped by Todd Ford without a rebound.
8:11 of 1st period - Tyler Haskins wins face-off versus Ryan O'Reilly in Ice Dragons zone.
8:33 of 1st period - Snap shot by Tyler Haskins.
8:33 of 1st period - Stopped by Peter Mannino with a rebound.
9:22 of 1st period - Wrist shot by Ben Eager.
9:22 of 1st period - Shot Misses the Net.
9:28 of 1st period - Backhand shot by Reilly Smith.
9:28 of 1st period - Stopped by Todd Ford with a rebound.
9:48 of 1st period - Backhand shot by Ben Eager.
9:48 of 1st period - Shot Misses the Net.
10:04 of 1st period - Wrist shot by Raymond Sawada.
10:04 of 1st period - Shot Misses the Net.
10:36 of 1st period - Snap shot by Reilly Smith.
10:36 of 1st period - Stopped by Todd Ford without a rebound.
10:37 of 1st period - Brayden Schenn wins face-off versus Jim O'Brien in Ice Dragons zone.
11:04 of 1st period - Brandon Kozun is hit by Marcus Foligno and loses puck.
11:45 of 1st period - Icing by Tony Lucia.
11:46 of 1st period - Bradley Malone wins face-off versus Roman Horak in Ice Dragons zone.
12:14 of 1st period - Slapshot by Evander Kane.
12:14 of 1st period - Stopped by Todd Ford with a rebound.
13:28 of 1st period - Denis Shvidki is hit by Logan MacMillan and loses puck.
14:13 of 1st period - Roman Horak is hit by Jonathan Blum and loses puck.
14:39 of 1st period - Icing by Joe Finley.
14:40 of 1st period - Riley Armstrong wins face-off versus Bradley Malone in Scraper zone.
14:40 of 1st period - Riley Armstrong is hit by Josh Brittain.
14:45 of 1st period - Off-side.
14:46 of 1st period - Bradley Malone wins face-off versus Daniel Winnik in neutral zone.
14:48 of 1st period - Minor Penalty to Alexander Urbom for Hooking.
14:49 of 1st period - Tyler Haskins wins face-off versus Evander Kane in Ice Dragons zone.
16:48 of 1st period - Penalty to Alexander Urbom is over, Alexander Urbom is back on ice.
16:55 of 1st period - Alexander Urbom is hit by Derek Joslin and loses puck.
17:10 of 1st period - Slapshot by Josh Brittain.
17:10 of 1st period - Stopped by Peter Mannino with a rebound.
17:12 of 1st period - Slapshot by Alexander Urbom.
17:12 of 1st period - Deflect By Josh Brittain.
17:12 of 1st period - Stopped by Peter Mannino without a rebound.
17:13 of 1st period - Ryan O'Reilly wins face-off versus Zach Budish in Scraper zone.
17:20 of 1st period - Snap shot by Eric Godard.
17:20 of 1st period - Stopped by Todd Ford without a rebound.
17:21 of 1st period - Tyler Haskins wins face-off versus Marcus Foligno in Ice Dragons zone.
18:26 of 1st period - Wrist shot by Daniel Winnik.
18:26 of 1st period - Stopped by Todd Ford without a rebound.
18:27 of 1st period - Bradley Malone wins face-off versus Roman Horak in Ice Dragons zone.
18:37 of 1st period - Roman Horak is hit by Josh Brittain.
18:50 of 1st period - Ilkka Heikkinen is hit by Zach Budish and loses puck.
19:19 of 1st period - Daniel Winnik is hit by Zach Budish and loses puck.
19:34 of 1st period - Snap shot by Josh Brittain.
19:34 of 1st period - Shot Misses the Net.
19:36 of 1st period - Snap shot by Josh Brittain.
19:36 of 1st period - Stopped by Peter Mannino with a rebound.
19:38 of 1st period - Wrist shot by Josh Brittain.
19:38 of 1st period - Shot Hit the Post.
19:47 of 1st period - Slapshot by Kyle Bigos.
19:47 of 1st period - Shot Blocked by Roman Horak.
19:49 of 1st period - Slapshot by Alexander Urbom.
19:49 of 1st period - Deflect By Daniel Winnik.
19:49 of 1st period - Stopped by Peter Mannino without a rebound.
19:50 of 1st period - Brayden Schenn wins face-off versus Tyler Haskins in Scraper zone.
Goals for this period are 1 for Scraper vs 0 for Ice Dragons.
Shots for this period are 9 for Scraper vs 7 for Ice Dragons.

2nd period


0:01 of 2nd period - Brayden Schenn wins face-off versus Tyler Haskins in neutral zone.
0:28 of 2nd period - Snap shot by Jim O'Brien.
0:28 of 2nd period - Stopped by Peter Mannino without a rebound.
0:29 of 2nd period - Jim O'Brien wins face-off versus Ryan O'Reilly in Scraper zone.
0:40 of 2nd period - Wrist shot by Tony Lucia.
0:40 of 2nd period - Shot Hit the Post.
1:12 of 2nd period - Slapshot by Ben Eager.
1:12 of 2nd period - Stopped by Todd Ford with a rebound.
1:14 of 2nd period - Slapshot by Ryan O'Reilly.
1:14 of 2nd period - Stopped by Todd Ford without a rebound.
1:15 of 2nd period - Tyler Haskins wins face-off versus Brayden Schenn in Ice Dragons zone.
1:22 of 2nd period - Wrist shot by Evander Kane.
1:22 of 2nd period - Stopped by Todd Ford with a rebound.
1:24 of 2nd period - Slapshot by Denis Shvidki.
1:24 of 2nd period - Shot Misses the Net.
1:26 of 2nd period - Slapshot by Ilkka Heikkinen.
1:26 of 2nd period - Shot Blocked by Tyler Eckford.
1:28 of 2nd period - Snap shot by Denis Shvidki.
1:28 of 2nd period - Stopped by Todd Ford with a rebound.
1:30 of 2nd period - Wrist shot by Evander Kane.
1:30 of 2nd period - Stopped by Todd Ford without a rebound.
1:31 of 2nd period - Roman Horak wins face-off versus Marek Viedensky in Ice Dragons zone.
1:56 of 2nd period - Tyler Haskins is hit by Brendan Smith and loses puck.
2:05 of 2nd period - Wrist shot by Denis Shvidki.
2:05 of 2nd period - Goal by Denis Shvidki - Scraper : 2 - Ice Dragons : 0.
2:06 of 2nd period - Tyler Haskins wins face-off versus Brayden Schenn in neutral zone.
3:12 of 2nd period - Jim O'Brien is hit by Evander Kane and loses puck.
3:23 of 2nd period - Snap shot by Tony Lucia.
3:23 of 2nd period - Stopped by Peter Mannino without a rebound.
3:24 of 2nd period - Tyler Haskins wins face-off versus Ryan O'Reilly in Scraper zone.
3:28 of 2nd period - Wrist shot by Tyler Haskins.
3:28 of 2nd period - Stopped by Peter Mannino without a rebound.
3:29 of 2nd period - Ryan O'Reilly wins face-off versus Tyler Haskins in Scraper zone.
3:38 of 2nd period - Wrist shot by Tyler Haskins.
3:38 of 2nd period - Stopped by Peter Mannino with a rebound.
3:40 of 2nd period - Slapshot by Frazer Mclaren.
3:40 of 2nd period - Stopped by Peter Mannino without a rebound.
3:41 of 2nd period - Tyler Haskins wins face-off versus Roman Horak in Scraper zone.
3:42 of 2nd period - Snap shot by Frazer Mclaren.
3:42 of 2nd period - Shot Blocked by Eric Gryba.
3:54 of 2nd period - Snap shot by Roman Horak.
3:54 of 2nd period - Shot Misses the Net.
3:56 of 2nd period - Wrist shot by Roman Horak.
3:56 of 2nd period - Stopped by Todd Ford with a rebound.
4:40 of 2nd period - Snap shot by Logan MacMillan.
4:40 of 2nd period - Deflect By Marek Viedensky.
4:40 of 2nd period - Shot Blocked by Brendan Smith.
4:40 of 2nd period - Puck is out of play.
4:41 of 2nd period - Tyler Haskins wins face-off versus Brayden Schenn in Scraper zone.
4:42 of 2nd period - Wrist shot by Raymond Sawada.
4:42 of 2nd period - Stopped by Peter Mannino with a rebound.
4:44 of 2nd period - Wrist shot by Frazer Mclaren.
4:44 of 2nd period - Stopped by Peter Mannino without a rebound.
4:45 of 2nd period - Frazer Mclaren wins face-off versus Brayden Schenn in Scraper zone.
4:58 of 2nd period - Snap shot by Raymond Sawada.
4:58 of 2nd period - Shot Blocked by Denis Shvidki.
5:34 of 2nd period - Wrist shot by Zach Budish.
5:34 of 2nd period - Stopped by Peter Mannino with a rebound.
5:57 of 2nd period - Minor Penalty to Ben Eager for Hooking.
5:58 of 2nd period - Rick Schofield wins face-off versus Frazer Mclaren in Scraper zone.
5:58 of 2nd period - Ilkka Heikkinen is hit by Frazer Mclaren and loses puck.
6:08 of 2nd period - Slapshot by Tyler Eckford.
6:08 of 2nd period - Stopped by Peter Mannino with a rebound.
6:10 of 2nd period - Snap shot by Frazer Mclaren.
6:10 of 2nd period - Stopped by Peter Mannino with a rebound.
6:12 of 2nd period - Wrist shot by Jonathan Blum.
6:12 of 2nd period - Goal by Jonathan Blum - Scraper : 2 - Ice Dragons : 1.
6:13 of 2nd period - Tyler Haskins wins face-off versus Ryan O'Reilly in neutral zone.
7:04 of 2nd period - Slapshot by Evander Kane.
7:04 of 2nd period - Deflect By Marek Viedensky.
7:04 of 2nd period - Shot Misses the Net.
7:04 of 2nd period - Puck is out of play.
7:05 of 2nd period - Marek Viedensky wins face-off versus Brayden Schenn in Ice Dragons zone.
7:16 of 2nd period - Wrist shot by Evander Kane.
7:16 of 2nd period - Deflect By Denis Shvidki.
7:16 of 2nd period - Stopped by Todd Ford with a rebound.
7:18 of 2nd period - Snap shot by Evander Kane.
7:18 of 2nd period - Stopped by Todd Ford with a rebound.
7:20 of 2nd period - Slapshot by Ilkka Heikkinen.
7:20 of 2nd period - Stopped by Todd Ford without a rebound.
7:21 of 2nd period - Ben Eager wins face-off versus Tyler Haskins in Ice Dragons zone.
8:13 of 2nd period - Slapshot by Jonathan Blum.
8:13 of 2nd period - Deflect By Logan MacMillan.
8:13 of 2nd period - Stopped by Peter Mannino with a rebound.
8:21 of 2nd period - Snap shot by Denis Shvidki.
8:21 of 2nd period - Stopped by Todd Ford without a rebound.
8:22 of 2nd period - Ryan O'Reilly wins face-off versus Tyler Haskins in Ice Dragons zone.
8:37 of 2nd period - Snap shot by Ben Eager.
8:37 of 2nd period - Stopped by Todd Ford with a rebound.
9:17 of 2nd period - Snap shot by Reilly Smith.
9:17 of 2nd period - Goal by Reilly Smith - Scraper : 3 - Ice Dragons : 1.
9:18 of 2nd period - Raymond Sawada wins face-off versus Roman Horak in neutral zone.
9:23 of 2nd period - Wrist shot by Tyler Haskins.
9:23 of 2nd period - Stopped by Peter Mannino with a rebound.
9:25 of 2nd period - Slapshot by Tyler Eckford.
9:25 of 2nd period - Shot Misses the Net.
9:27 of 2nd period - Slapshot by Tyler Eckford.
9:27 of 2nd period - Stopped by Peter Mannino with a rebound.
9:29 of 2nd period - Slapshot by Jonathan Blum.
9:29 of 2nd period - Shot Blocked by Marcus Foligno.
9:34 of 2nd period - Minor Penalty to Roman Horak for Holding.
9:35 of 2nd period - Rick Schofield wins face-off versus Tyler Haskins in Scraper zone.
9:47 of 2nd period - Slapshot by Tyler Eckford.
9:47 of 2nd period - Goal by Tyler Eckford - Scraper : 3 - Ice Dragons : 2.
9:48 of 2nd period - Roman Horak wins face-off versus Tyler Haskins in neutral zone.
9:56 of 2nd period - Icing by Jonathan Blum.
9:57 of 2nd period - Valeri Bure wins face-off versus Tyler Haskins in Ice Dragons zone.
10:02 of 2nd period - Wrist shot by Valeri Bure.
10:02 of 2nd period - Shot Blocked by Tyler Eckford.
10:04 of 2nd period - Slapshot by Marcus Foligno.
10:04 of 2nd period - Stopped by Todd Ford without a rebound.
10:05 of 2nd period - Ryan O'Reilly wins face-off versus Frazer Mclaren in Ice Dragons zone.
10:06 of 2nd period - Snap shot by Ben Eager.
10:06 of 2nd period - Stopped by Todd Ford with a rebound.
10:12 of 2nd period - Wrist shot by Tyler Haskins.
10:12 of 2nd period - Stopped by Peter Mannino without a rebound.
10:13 of 2nd period - Tyler Haskins wins face-off versus Ben Eager in Scraper zone.
10:14 of 2nd period - Wrist shot by Raymond Sawada.
10:14 of 2nd period - Stopped by Peter Mannino with a rebound.
10:16 of 2nd period - Wrist shot by Jonathan Blum.
10:16 of 2nd period - Deflect By Ilkka Heikkinen.
10:16 of 2nd period - Stopped by Peter Mannino without a rebound.
10:17 of 2nd period - Tyler Haskins wins face-off versus Brayden Schenn in Scraper zone.
11:10 of 2nd period - Slapshot by Zach Budish.
11:10 of 2nd period - Stopped by Peter Mannino with a rebound.
11:36 of 2nd period - Snap shot by Ryan O'Reilly.
11:36 of 2nd period - Shot Hit the Post.
11:38 of 2nd period - Wrist shot by Ben Eager.
11:38 of 2nd period - Stopped by Todd Ford without a rebound.
11:39 of 2nd period - Tyler Haskins wins face-off versus Brayden Schenn in Ice Dragons zone.
12:04 of 2nd period - Frazer Mclaren is hit by Derek Joslin and loses puck.
12:13 of 2nd period - Wrist shot by Tyler Haskins.
12:13 of 2nd period - Stopped by Peter Mannino without a rebound.
12:14 of 2nd period - Brayden Schenn wins face-off versus Jim O'Brien in Scraper zone.
12:14 of 2nd period - Brayden Schenn is hit by Ryan Reaves.
12:28 of 2nd period - Backhand shot by Tony Lucia.
12:28 of 2nd period - Stopped by Peter Mannino with a rebound.
12:44 of 2nd period - Slapshot by Tyler Eckford.
12:44 of 2nd period - Deflect By Brandon Kozun.
12:44 of 2nd period - Shot Blocked by Ryan O'Reilly.
12:44 of 2nd period - Puck is out of play.
12:45 of 2nd period - Brandon Kozun wins face-off versus Ryan O'Reilly in Scraper zone.
13:06 of 2nd period - Minor Penalty to Reilly Smith for Cross-checking.
13:07 of 2nd period - Tyler Haskins wins face-off versus Rick Schofield in Scraper zone.
13:10 of 2nd period - Snap shot by Tyler Haskins.
13:10 of 2nd period - Stopped by Peter Mannino with a rebound.
14:06 of 2nd period - Brendan Smith is hit by Eric Mestery.
14:10 of 2nd period - Ben Eager is hit by Raymond Sawada.
14:58 of 2nd period - Eric Mestery is hit by Brayden Schenn and loses puck.
15:06 of 2nd period - Penalty to Reilly Smith is over, Reilly Smith is back on ice.
15:13 of 2nd period - Slapshot by Ryan O'Reilly.
15:13 of 2nd period - Shot Misses the Net.
15:35 of 2nd period - Zach Budish is hit by Joe Finley.
16:28 of 2nd period - Snap shot by Valeri Bure.
16:28 of 2nd period - Stopped by Todd Ford with a rebound.
17:04 of 2nd period - Ryan O'Reilly is hit by Bradley Malone and loses puck.
18:40 of 2nd period - Jim O'Brien is hit by Reilly Smith and loses puck.
18:47 of 2nd period - Minor Penalty to Ryan Reaves for Tripping.
18:48 of 2nd period - Brayden Schenn wins face-off versus Tyler Haskins in Ice Dragons zone.
19:47 of 2nd period - Wrist shot by Tony Lucia.
19:47 of 2nd period - Shot Misses the Net.
19:49 of 2nd period - Slapshot by Brayden McNabb.
19:49 of 2nd period - Shot Blocked by Reilly Smith.
19:51 of 2nd period - Wrist shot by Tony Lucia.
19:51 of 2nd period - Stopped by Peter Mannino with a rebound.
19:53 of 2nd period - Slapshot by Eric Mestery.
19:53 of 2nd period - Stopped by Peter Mannino with a rebound.
19:55 of 2nd period - Snap shot by Eric Mestery.
19:55 of 2nd period - Shot Blocked by Daniel Winnik.
19:57 of 2nd period - Backhand shot by Brayden McNabb.
19:57 of 2nd period - Shot Blocked by Valeri Bure.
19:59 of 2nd period - Slapshot by Eric Mestery.
19:59 of 2nd period - Stopped by Peter Mannino with a rebound.
Goals for this period are 2 for Scraper vs 2 for Ice Dragons.
Shots for this period are 17 for Scraper vs 25 for Ice Dragons.

3rd period


0:01 of 3rd period - Tyler Haskins wins face-off versus Brayden Schenn in neutral zone.
0:37 of 3rd period - Snap shot by Valeri Bure.
0:37 of 3rd period - Shot Blocked by Jonathan Blum.
0:39 of 3rd period - Backhand shot by Brendan Smith.
0:39 of 3rd period - Deflect By Valeri Bure.
0:39 of 3rd period - Goal by Valeri Bure - Scraper : 4 - Ice Dragons : 2.
0:40 of 3rd period - Tyler Haskins wins face-off versus Brayden Schenn in neutral zone.
0:45 of 3rd period - Slapshot by Raymond Sawada.
0:45 of 3rd period - Stopped by Peter Mannino with a rebound.
1:13 of 3rd period - Wrist shot by Valeri Bure.
1:13 of 3rd period - Deflect By Raymond Sawada.
1:13 of 3rd period - Stopped by Todd Ford without a rebound.
1:14 of 3rd period - Reilly Smith wins face-off versus Tony Lucia in Ice Dragons zone.
1:25 of 3rd period - Snap shot by Ryan O'Reilly.
1:25 of 3rd period - Shot Hit the Post.
1:27 of 3rd period - Slapshot by Derek Joslin.
1:27 of 3rd period - Shot Blocked by Jim O'Brien.
1:43 of 3rd period - Logan MacMillan is hit by Brayden Schenn and loses puck.
2:00 of 3rd period - Snap shot by Josh Brittain.
2:00 of 3rd period - Shot Blocked by Marcus Foligno.
2:08 of 3rd period - Snap shot by Zach Budish.
2:08 of 3rd period - Shot Misses the Net.
2:20 of 3rd period - Brendan Smith is hit by Tyler Haskins.
2:36 of 3rd period - Wrist shot by Daniel Winnik.
2:36 of 3rd period - Shot Blocked by Jim O'Brien.
2:38 of 3rd period - Snap shot by Roman Horak.
2:38 of 3rd period - Shot Misses the Net.
2:48 of 3rd period - Derek Joslin is hit by Brandon Kozun and loses puck.
2:53 of 3rd period - Snap shot by Jonathan Blum.
2:53 of 3rd period - Shot Blocked by Evander Kane.
2:55 of 3rd period - Slapshot by Jonathan Blum.
2:55 of 3rd period - Shot Misses the Net.
2:57 of 3rd period - Slapshot by Tyler Eckford.
2:57 of 3rd period - Deflect By Denis Shvidki.
2:57 of 3rd period - Stopped by Peter Mannino without a rebound.
2:58 of 3rd period - Tyler Haskins wins face-off versus Ryan O'Reilly in Scraper zone.
3:01 of 3rd period - Snap shot by Raymond Sawada.
3:01 of 3rd period - Stopped by Peter Mannino with a rebound.
3:03 of 3rd period - Slapshot by Tyler Eckford.
3:03 of 3rd period - Shot Blocked by Reilly Smith.
3:05 of 3rd period - Slapshot by Jonathan Blum.
3:05 of 3rd period - Shot Blocked by Reilly Smith.
3:07 of 3rd period - Slapshot by Frazer Mclaren.
3:07 of 3rd period - Goal by Frazer Mclaren - Scraper : 4 - Ice Dragons : 3.
3:08 of 3rd period - Tyler Haskins wins face-off versus Brayden Schenn in neutral zone.
3:28 of 3rd period - Evander Kane is hit by Tyler Haskins.
3:40 of 3rd period - Snap shot by Denis Shvidki.
3:40 of 3rd period - Shot Misses the Net.
3:42 of 3rd period - Slapshot by Brendan Smith.
3:42 of 3rd period - Deflect By Brayden Schenn.
3:42 of 3rd period - Shot Blocked by Raymond Sawada.
3:42 of 3rd period - Puck is out of play.
3:43 of 3rd period - Ryan O'Reilly wins face-off versus Jim O'Brien in Ice Dragons zone.
4:10 of 3rd period - Marcus Foligno is hit by Brandon Kozun and loses puck.
4:16 of 3rd period - Off-side.
4:17 of 3rd period - Brayden Schenn wins face-off versus Tyler Haskins in neutral zone.
4:47 of 3rd period - Slapshot by Tyler Eckford.
4:47 of 3rd period - Deflect By Tony Lucia.
4:47 of 3rd period - Shot Misses the Net.
4:47 of 3rd period - Puck is out of play.
4:48 of 3rd period - Jim O'Brien wins face-off versus Ryan O'Reilly in Scraper zone.
4:55 of 3rd period - Snap shot by Tony Lucia.
4:55 of 3rd period - Stopped by Peter Mannino with a rebound.
5:11 of 3rd period - Ben Eager is hit by Brayden McNabb and loses puck.
5:30 of 3rd period - Snap shot by Reilly Smith.
5:30 of 3rd period - Deflect By Ben Eager.
5:30 of 3rd period - Shot Misses the Net.
5:30 of 3rd period - Puck is out of play.
5:31 of 3rd period - Tyler Haskins wins face-off versus Roman Horak in Ice Dragons zone.
5:58 of 3rd period - Jim O'Brien is hit by Brayden Schenn.
6:04 of 3rd period - Brayden Schenn is hit by Ryan Reaves and loses puck.
6:43 of 3rd period - Snap shot by Tyler Eckford.
6:43 of 3rd period - Stopped by Peter Mannino with a rebound.
7:17 of 3rd period - Slapshot by Brendan Smith.
7:17 of 3rd period - Deflect By Valeri Bure.
7:17 of 3rd period - Stopped by Todd Ford with a rebound.
7:19 of 3rd period - Wrist shot by Marcus Foligno.
7:19 of 3rd period - Shot Blocked by Ryan Reaves.
7:21 of 3rd period - Wrist shot by Marcus Foligno.
7:21 of 3rd period - Shot Misses the Net.
7:23 of 3rd period - Snap shot by Roman Horak.
7:23 of 3rd period - Deflect By Valeri Bure.
7:23 of 3rd period - Shot Misses the Net.
7:23 of 3rd period - Puck is out of play.
7:24 of 3rd period - Tyler Haskins wins face-off versus Roman Horak in Ice Dragons zone.
7:24 of 3rd period - Tyler Haskins is hit by Valeri Bure.
8:40 of 3rd period - Wrist shot by Evander Kane.
8:40 of 3rd period - Shot Misses the Net.
9:15 of 3rd period - Jonathan Blum is hit by Eric Godard and loses puck.
9:43 of 3rd period - Minor Penalty to Brandon Kozun for High sticking.
9:44 of 3rd period - Reilly Smith wins face-off versus Tyler Haskins in Ice Dragons zone.
9:44 of 3rd period - Wrist shot by Daniel Winnik.
9:44 of 3rd period - Shot Misses the Net.
9:46 of 3rd period - Snap shot by Daniel Winnik.
9:46 of 3rd period - Shot Blocked by Brayden McNabb.
9:48 of 3rd period - Slapshot by Derek Joslin.
9:48 of 3rd period - Goal by Derek Joslin - Scraper : 5 - Ice Dragons : 3.
9:49 of 3rd period - Ryan O'Reilly wins face-off versus Tyler Haskins in neutral zone.
9:55 of 3rd period - Wrist shot by Reilly Smith.
9:55 of 3rd period - Stopped by Todd Ford with a rebound.
9:57 of 3rd period - Snap shot by Ryan O'Reilly.
9:57 of 3rd period - Stopped by Todd Ford with a rebound.
9:59 of 3rd period - Wrist shot by Reilly Smith.
9:59 of 3rd period - Deflect By Ben Eager.
9:59 of 3rd period - Stopped by Todd Ford without a rebound.
10:00 of 3rd period - Frazer Mclaren wins face-off versus Brayden Schenn in Ice Dragons zone.
10:00 of 3rd period - Frazer Mclaren is hit by Evander Kane.
10:14 of 3rd period - Wrist shot by Denis Shvidki.
10:14 of 3rd period - Stopped by Todd Ford with a rebound.
10:16 of 3rd period - Slapshot by Evander Kane.
10:16 of 3rd period - Stopped by Todd Ford with a rebound.
10:30 of 3rd period - Snap shot by Ryan O'Reilly.
10:30 of 3rd period - Shot Misses the Net.
10:32 of 3rd period - Slapshot by Eric Gryba.
10:32 of 3rd period - Stopped by Todd Ford without a rebound.
10:33 of 3rd period - Jim O'Brien wins face-off versus Roman Horak in Ice Dragons zone.
10:58 of 3rd period - Eric Gryba is hit by Raymond Sawada and loses puck.
11:07 of 3rd period - Snap shot by Evander Kane.
11:07 of 3rd period - Shot Blocked by Brayden McNabb.
11:09 of 3rd period - Backhand shot by Ilkka Heikkinen.
11:09 of 3rd period - Stopped by Todd Ford without a rebound.
11:10 of 3rd period - Jim O'Brien wins face-off versus Ryan O'Reilly in Ice Dragons zone.
11:17 of 3rd period - Snap shot by Tony Lucia.
11:17 of 3rd period - Stopped by Peter Mannino with a rebound.
11:19 of 3rd period - Snap shot by Tyler Eckford.
11:19 of 3rd period - Stopped by Peter Mannino with a rebound.
11:21 of 3rd period - Slapshot by Tony Lucia.
11:21 of 3rd period - Shot Misses the Net.
11:23 of 3rd period - Snap shot by Jonathan Blum.
11:23 of 3rd period - Stopped by Peter Mannino with a rebound.
11:39 of 3rd period - Slapshot by Evander Kane.
11:39 of 3rd period - Deflect By Jonathan Blum.
11:39 of 3rd period - Shot Misses the Net.
11:39 of 3rd period - Puck is out of play.
11:40 of 3rd period - Tyler Haskins wins face-off versus Brayden Schenn in Ice Dragons zone.
11:47 of 3rd period - Snap shot by Raymond Sawada.
11:47 of 3rd period - Shot Misses the Net.
11:49 of 3rd period - Backhand shot by Raymond Sawada.
11:49 of 3rd period - Goal by Raymond Sawada - Scraper : 5 - Ice Dragons : 4.
11:50 of 3rd period - Ryan O'Reilly wins face-off versus Tyler Haskins in neutral zone.
11:53 of 3rd period - Snap shot by Ben Eager.
11:53 of 3rd period - Stopped by Todd Ford without a rebound.
11:54 of 3rd period - Tyler Haskins wins face-off versus Ryan O'Reilly in Ice Dragons zone.
12:03 of 3rd period - Wrist shot by Raymond Sawada.
12:03 of 3rd period - Stopped by Peter Mannino with a rebound.
12:05 of 3rd period - Minor Penalty to Ben Eager for Slashing.
12:06 of 3rd period - Raymond Sawada wins face-off versus Rick Schofield in Scraper zone.
13:02 of 3rd period - Tony Lucia is hit by Brendan Smith and loses puck.
13:54 of 3rd period - Eric Knodel is hit by Frazer Mclaren and loses puck.
14:05 of 3rd period - Penalty to Ben Eager is over, Ben Eager is back on ice.
14:43 of 3rd period - Slapshot by Alexander Urbom.
14:43 of 3rd period - Stopped by Peter Mannino with a rebound.
14:45 of 3rd period - Snap shot by Alexander Urbom.
14:45 of 3rd period - Stopped by Peter Mannino with a rebound.
14:47 of 3rd period - Slapshot by Alexander Urbom.
14:47 of 3rd period - Stopped by Peter Mannino with a rebound.
15:27 of 3rd period - Slapshot by Derek Joslin.
15:27 of 3rd period - Stopped by Todd Ford with a rebound.
16:48 of 3rd period - Brayden McNabb is hit by Valeri Bure and loses puck.
19:46 of 3rd period - Ice Dragons, Todd Ford is pulled from the net.
19:46 of 3rd period - Wrist shot by Raymond Sawada.
19:46 of 3rd period - Stopped by Peter Mannino with a rebound.
19:48 of 3rd period - Slapshot by Kyle Bigos.
19:48 of 3rd period - Shot Misses the Net.
19:50 of 3rd period - Snap shot by Raymond Sawada.
19:50 of 3rd period - Shot Blocked by Ben Eager.
19:52 of 3rd period - Slapshot by Alexander Urbom.
19:52 of 3rd period - Stopped by Peter Mannino without a rebound.
19:53 of 3rd period - Darryl Sutter call a timeout for Ice Dragons.
19:53 of 3rd period - Rick Schofield wins face-off versus Tyler Haskins in Scraper zone.
Goals for this period are 2 for Scraper vs 2 for Ice Dragons.
Shots for this period are 13 for Scraper vs 16 for Ice Dragons.


Output by the SimonT Hockey Simulator (STHS) for François Prévost -- Original Page W3C XHTML 1.0 Valid
Hockey Simulator - Hockey Simulation - Hockey Manager